 Dungeon Crawl Stone Soup version 0.28-a0-1638-g9123634e07 (webtiles) character file.

Game seed: 6483166864594248569

203 Ajdolov the Cudgeller (level 5, -4/48 HPs)
             Began as a Minotaur Fighter on Jan 25, 2022.
             Was an Initiate of the Shining One.
             Slain by an orc (7 damage)
             ... on level 3 of the Dungeon.
             The game lasted 00:04:17 (2429 turns).

Ajdolov the Cudgeller (Minotaur Fighter)            Turns: 2429, Time: 00:04:17

Health: -4/48      AC:  6    Str: 23    XL:     5   Next: 51%
Magic:  4/4        EV:  9    Int:  5    God:    the Shining One [......]
Gold:   79         SH:  0    Dex:  9    Spells: 4/4 levels left

rFire   . . .      SeeInvis .   a - +0 flail
rCold   . . .      Faith    .   c - +0 buckler
rNeg    . . .      Spirit   .   b - +0 scale mail
rPois   .          Reflect  .   (helmet restricted)
rElec   .          Harm     .   (no cloak)
rCorr   .          Rampage  .   (no gloves)
Will    .....                   (no boots)
Stlth   ..........              (no amulet)
HPRegen 0.16/turn               (no ring)
MPRegen 0.09/turn               (no ring)

@: confused, glowing
A: horns 2, retaliatory headbutt
a: Renounce Religion


You were on level 3 of the Dungeon.
You worshipped the Shining One.
The Shining One was noncommittal.
You visited 1 branch of the dungeon, and saw 3 of its levels.

You collected 79 gold pieces.

Inventory:

Hand Weapons
 a - a +0 flail (weapon)
Armour
 b - a +0 scale mail (worn)
 c - a +0 buckler (worn)
Scrolls
 e - 2 scrolls of teleportation {unknown}
 g - a scroll of enchant weapon {unknown}
 h - a scroll of holy word {unknown}
 i - 2 scrolls of magic mapping {unknown}
 j - a scroll of blinking {unknown}
Potions
 d - 2 potions of might


   Skills:
 + Level 5.2 Fighting
 * Level 5.9 Maces & Flails
 - Level 3.6 Armour
 - Level 3.6 Shields


You had 4 spell levels left.
You didn't know any spells.
Your spell library was empty.

Dungeon Overview and Level Annotations

Branches:
Dungeon (3/15)

Altars:
The Shining One


Innate Abilities, Weirdness & Mutations

You have a pair of horns on your head.
You reflexively headbutt those who attack you in melee.


Message History

Pain shoots through your body!
* * * LOW HITPOINT WARNING * * *
The orc wizard closely misses you.
The orc splashes around in the water.
The orc priest hits you with a +0 mace.
* * * LOW HITPOINT WARNING * * *
You feel better.
The orc wizard hits you with a +0 dagger.
* * * LOW HITPOINT WARNING * * *
The orc hits you with a +1 mace of protection.
* * * LOW HITPOINT WARNING * * *
The orc priest hits you with a +0 mace.
* * * LOW HITPOINT WARNING * * *
You feel better.
The orc wizard hits you with a +0 dagger.
* * * LOW HITPOINT WARNING * * *
The orc barely misses you.
The orc priest begins to cast a cantrip, but forgets the words!
Unknown command.
You hit the orc priest. You headbutt the orc priest.
You kill the orc priest!
The Shining One accepts your kill. You block the orc wizard's attack.
The orc splashes around in the water.
The orc wizard hits you with a +0 dagger.
* * * LOW HITPOINT WARNING * * *
You barely miss the orc. You headbutt the orc.
The orc is moderately wounded.
You block the orc's attack.
The orc wizard points at you and mumbles some strange words.
You are confused.
You hit the orc wizard. You headbutt the orc wizard!
You kill the orc wizard!
The orc hits you with a +1 mace of protection.
* * * LOW HITPOINT WARNING * * *
You're too confused to move!
The orc hits you with a +1 mace of protection.
* * * LOW HITPOINT WARNING * * *
You hit the orc.
The orc is almost dead.
The orc hits you with a +1 mace of protection!
You die...

####.#########.....#.......#
.....###...........#.......####
...............................
.#######.#.................#
.........#.#############..##
...........#. .........#.†#
.###########.#########....# ..
#........###...# ##
##..≈.@.≈..##...#
#.....o.....#...#####
###......).).⌠#.......#
.............$#..####.#
..#..)...≈..##..# .
#..).....###..# #.#########...#
#.............#
#..######......##


You could see an orc.

Vanquished Creatures
  An orc priest (D:3)
  An orc wizard (D:3)
  Terence (D:1)
  Robin (D:2)
  4 adders
  A white imp (D:3)
  An adder zombie (D:2)
  A worm (D:2)
  4 orcs (D:3)
  2 ball pythons (D:1)
  3 bat skeletons (D:2)
  A bat zombie (D:2)
  2 endoplasms (D:1)
  A giant cockroach (D:1)
  8 goblins (D:2)
  5 hobgoblins
  4 jackals (D:2)
  7 kobolds
  A quokka (D:1)
  2 ball python zombies (D:2)
  2 bats
  4 frilled lizards
  A goblin skeleton (D:3)
  2 goblin zombies (D:3)
  A kobold skeleton (D:3)
  An orc skeleton (D:3)
  An orc zombie (D:3)
  A quokka skeleton (D:2)
  A quokka zombie (D:2)
  2 rats
67 creatures vanquished.

Vanquished Creatures (others)
  5 withered plants (D:2)
5 creatures vanquished.

Grand Total: 72 creatures vanquished

Notes
Turn   | Place    | Note
-------+----------+-------------------------------------------
     0 | D:1      | Ajdolov the Minotaur Fighter began the quest for the Orb.
     0 | D:1      | Reached XP level 1. HP: 19/19 MP: 0/0
   477 | D:1      | Found a faded altar of an unknown god.
   482 | D:1      | Reached XP level 2. HP: 27/27 MP: 1/1
   953 | D:2      | Noticed Terence
   964 | D:1      | Killed Terence
   965 | D:1      | Reached XP level 3. HP: 14/33 MP: 2/2
  1432 | D:2      | Noticed Robin
  1451 | D:2      | Reached XP level 4. HP: 31/41 MP: 3/3
  1468 | D:2      | Killed Robin
  1723 | D:2      | Reached skill level 5 in Maces & Flails
  2156 | D:3      | Found a glowing golden altar of the Shining One.
  2167 | D:3      | Became a worshipper of the Shining One
  2172 | D:3      | Reached XP level 5. HP: 47/47 MP: 4/4
  2408 | D:3      | Reached skill level 5 in Fighting
  2429 | D:3      | Slain by an orc

Illustrated notes

Levels and vault maps discovered:
D:1:      nagdon_arrival_zigzag_paths, layout_loops_ring,
          ebering_ecumenical_altar_petrified, grunt_decor_cap, feat_on_display
D:2:      layout_rooms, serial_undead, serial_undead_c, serial_undead_d,
          serial_undead_f, serial_undead_b, serial_undead_b, serial_undead_c,
          serial_undead_a, serial_undead_b, serial_undead_a, serial_undead_f,
          uniq_robin, uniq_terence
D:3:      cheibrodos_pilgrimage, layout_basic, nicolae_tso_besieged_by_evil

Skill      XL: |  1  2  3  4  5 |
---------------+----------------+-----
Maces & Flails | 3 4 5 |  5.9
Fighting       | 4 5 |  5.2
Armour         | |  3.6
Shields        | |  3.6

Action                   |  1- 3 |  4- 6 || total
-------------------------+-------+-------++-------
Melee: Flail             |    62 |   108 ||   170
       Headbutt          |    11 |    14 ||    25
  Use: Potion            |       |     3 ||     3
Armor: Scale mail        |    32 |    51 ||    83
Dodge: Dodged            |    23 |    54 ||    77
Block: Buckler           |    18 |    32 ||    50

Table legend: (Time is in decaauts)
 A = Elapsed time spent in this place.
 B = Non-inter-level travel time spent in this place.
 C = Inter-level travel time spent in this place.
 D = Time resting spent in this place.
 E = Time spent auto-exploring this place.
 F = Levels seen in this place.
 G = Mean time per level.
                   A        B        C        D        E       F      G
               +--------+--------+--------+--------+--------+-----+--------+
         Total |   2466 |   2450 |     16 |    165 |   1874 |   3 |  822.0 |
       Dungeon |   2466 |   2450 |     16 |    165 |   1874 |   3 |  822.0 |
               +--------+--------+--------+--------+--------+-----+--------+

Top non-repeatable levels by time:
     D:1: 1135 daAuts
     D:2: 917 daAuts
     D:3: 413 daAuts
